Map: Para Site LE

Players

ShoWTimE - Winner!

  • Race: Protoss Protoss
  • League: Grandmaster
  • Spawn Location: 11:00

Elazer

  • Race: Zerg Zerg
  • Spawn Location: 5:00

Event: IEM Season 13 - Katowice Server Qualifiers Europe

VOD

Have the link to the VOD?

Description

Time

  • Played on: Jan. 8, 2019, 11:08 a.m.
  • Length: 11:06

All games in this series

Show
View Real Time Build Order
Export as new Build Order

ShoWTimE Protoss - Winner!

Build Orders: 1 Gate Expand, Oracle Opening, Phoenix Opening, Archon Immortal 

Get SALT Encoding   

  12  0:00  Probe  
  13  0:12  Probe  
  14  0:17  Pylon  
  14  0:24  Probe  
  15  0:32  Probe  
  15  0:40  Gateway, Probe  
  16  0:46  Assimilator  
  17  0:51  Probe  
  18  1:03  Probe  
  19  1:15  Probe  
  20  1:24  Nexus  
  20  1:35  Cybernetics Core  
  20  1:37  Probe  
  21  1:42  Assimilator  
  21  1:49  Probe  
  21  1:52  Pylon  
  22  2:01  Probe  
  23  2:03  Adept  
  23  2:13  Probe  
  26  2:16  Stargate  
  26  2:23  Warp Gate  
  26  2:25  Probe  
  26  2:28  Adept  
  27  2:32  Probe  
  27  2:33  Probe  
  30  2:40  Probe  
  30  2:41  Probe  
  31  2:50  Probe  
  33  2:51  Probe  
  33  2:53  Phoenix  
  33  2:56  Adept  
  37  3:03  Probe  
  37  3:04  Probe  
  41  3:10  Pylon  
  41  3:15  Oracle, Probe  
  41  3:16  Probe  
  46  3:27  Gateway  
  46  3:28  Probe  
  46  3:29  Probe  
  48  3:37  Assimilator x2  
  48  3:40  Probe  
  49  3:42  Probe  
  49  3:44  Pylon  
  49  3:47  Stargate  
  49  3:48  Probe  
  50  3:54  Probe  
  52  3:56  Probe  
  53  4:04  Phoenix  
  53  4:06  Probe x2  
  53  4:08  Pylon  
  57  4:18  Probe x2  
  57  4:19  Pylon  
  57  4:23  Phoenix  
  59  4:28  Adept x2, Phoenix  
  67  4:41  Pylon  
  67  4:44  Phoenix  
  67  4:51  Nexus  
  69  4:53  Probe  
  69  4:54  Probe  
  69  4:55  Phoenix  
  73  5:05  Probe  
  73  5:06  Probe  
  75  5:09  Phoenix  
  77  5:14  Pylon  
  77  5:17  Probe  
  77  5:18  Probe  
  79  5:26  Robotics Facility x2  
  77  5:29  Probe  
  77  5:30  Probe  
  79  5:36  Pylon  
  79  5:40  Shield Battery  
  79  5:41  Probe  
  79  5:42  Probe, Shield Battery  
  81  5:46  Sentry x2  
  85  5:53  Probe  
  85  5:54  Probe  
  81  6:04  Probe  
  81  6:05  Probe, Immortal  
  81  6:06  Probe  
  81  6:09  Observer  
  84  6:14  Phoenix  
  84  6:16  Probe  
  84  6:17  Probe  
  93  6:18  Probe  
  93  6:20  Zealot x2  
  93  6:23  Assimilator  
  98  6:28  Probe, Assimilator  
  98  6:29  Probe, Forge  
  98  6:30  Immortal  
  98  6:31  Probe, Twilight Council  
  105  6:41  Immortal  
  105  6:42  Gateway  
  105  6:43  Gateway  
  105  6:48  Pylon  
  109  6:58  Pylon x2  
  109  7:02  Immortal  
  109  7:06  Protoss Ground Weapons Level 1  
  109  7:08  Charge  
  109  7:09  Gateway x2  
  113  7:17  Immortal  
  113  7:21  Templar Archives  
  113  7:24  Gateway  
  113  7:27  Gateway  
  117  7:39  Immortal  
  117  7:42  Photon Cannon  
  117  7:43  Pylon  
  121  7:49  Psionic Storm  
  121  7:52  Immortal  
  125  8:07  High Templar x2  
  125  8:08  Immortal  
  125  8:09  Nexus  
  129  8:17  High Templar  
  129  8:18  Warp Prism  
  135  8:20  Pylon  
  135  8:23  Pylon  
  135  8:26  High Templar  
  135  8:27  Zealot x4  
  135  8:33  Pylon  
  143  8:40  High Templar  
  143  8:41  Zealot  
  147  8:45  Gateway  
  147  8:46  Gateway  
  147  8:47  Immortal  
  151  8:52  High Templar  
  151  8:53  Immortal  
  157  8:56  Photon Cannon  
  157  8:57  Zealot x2  
  155  9:08  Zealot x4  
  139  9:27  Immortal  
  139  9:29  Zealot x3  
  149  9:32  Immortal  
  149  9:33  Zealot x2  
  149  9:36  Zealot  
  151  9:44  Archon x2  
  146  9:50  Stalker x3  
  140  9:53  High Templar x2  
  140  9:54  Stalker  
  140  9:58  Archon  
  140  9:59  Zealot x2  
  142  10:04  Zealot x2  
  142  10:06  Probe x2  
  142  10:10  Probe x2  
  144  10:21  High Templar x3  
  144  10:31  High Templar  
  144  10:32  Zealot x5  
  156  10:37  Assimilator  
  156  10:40  Assimilator, Zealot  
  158  10:47  Fleet Beacon  
  158  10:55  Zealot x5  
  136  11:05  Archon x2  
Show
View Real Time Build Order
Export as new Build Order

Elazer Zerg 

Build Orders: Hatch First 

Get SALT Encoding   

  12  0:00  Drone  
  13  0:12  Overlord  
  13  0:16  Drone  
  14  0:31  Drone x2  
  16  0:48  Hatchery  
  15  0:52  Drone  
  15  0:56  Drone  
  17  0:58  Drone  
  18  1:10  Extractor  
  17  1:13  Spawning Pool  
  17  1:17  Drone  
  17  1:20  Drone  
  18  1:29  Drone  
  19  1:40  Drone  
  20  1:52  Drone  
  21  2:00  Queen  
  21  2:01  Queen  
  25  2:02  Overlord  
  25  2:03  Zergling x2  
  26  2:13  Zergling x2, Drone  
  28  2:25  Drone x2  
  30  2:34  Hatchery, Zergling x2  
  30  2:35  Drone  
  31  2:41  Queen  
  33  2:46  Overlord  
  33  2:49  Drone  
  34  2:54  Drone  
  35  2:59  Drone  
  36  3:09  Drone x2  
  36  3:10  Drone x4  
  42  3:14  Overlord  
  42  3:17  Queen  
  44  3:23  Overlord  
  44  3:34  Drone x4  
  44  3:39  Drone  
  49  3:44  Drone x3  
  49  3:47  Spore Crawler  
  49  3:48  Spore Crawler  
  50  3:51  Spore Crawler  
  50  3:52  Drone  
  50  3:53  Roach Warren  
  49  3:57  Drone  
  49  3:59  Queen  
  49  4:01  Drone  
  53  4:04  Drone  
  53  4:06  Drone  
  53  4:09  Overlord  
  55  4:10  Drone  
  55  4:12  Drone  
  55  4:13  Drone  
  58  4:20  Overlord  
  58  4:26  Drone  
  58  4:29  Lair  
  58  4:30  Extractor  
  58  4:31  Extractor, Drone x3  
  59  4:32  Drone  
  59  4:33  Drone x3  
  63  4:38  Queen  
  63  4:41  Overlord  
  63  4:43  Drone  
  67  4:45  Drone x2  
  67  4:47  Drone  
  67  4:49  Drone x2  
  67  4:50  Drone  
  72  4:53  Drone  
  72  4:54  Evolution Chamber  
  72  4:55  Drone x2  
  74  5:00  Overlord  
  74  5:04  Extractor, Drone x3  
  74  5:06  Drone  
  77  5:07  Overlord  
  77  5:16  Drone  
  77  5:17  Drone x2  
  76  5:26  Roach x4  
  76  5:27  Glial Reconstitution  
  82  5:28  Zerg Missile Weapons Level 1  
  82  5:30  Roach x3  
  82  5:33  Overlord  
  82  5:35  Queen  
  88  5:38  Hydralisk Den  
  88  5:42  Spore Crawler  
  88  5:44  Spore Crawler, Drone x4  
  88  5:45  Drone  
  88  5:49  Drone  
  93  5:50  Drone x4  
  93  5:55  Spore Crawler  
  93  5:57  Drone x2  
  97  5:58  Drone x2  
  97  6:00  Drone  
  97  6:02  Drone x2  
  97  6:04  Spore Crawler, Drone x2  
  101  6:08  Spore Crawler, Drone  
  97  6:13  Drone  
  97  6:14  Drone  
  97  6:15  Drone  
  97  6:17  Muscular Augments  
  99  6:21  Extractor  
  99  6:23  Extractor  
  99  6:24  Queen x2, Infestation Pit  
  100  6:26  Overlord  
  100  6:27  Drone x2  
  100  6:28  Drone  
  100  6:30  Drone  
  104  6:34  Drone  
  105  6:41  Spore Crawler  
  105  6:42  Overlord  
  104  6:47  Hydralisk x3  
  104  6:52  Hatchery, Hydralisk x2  
  113  7:09  Overlord, Hatchery  
  113  7:10  Drone x9  
  121  7:18  Overlord x4  
  121  7:23  Hive  
  121  7:31  Spire, Grooved Spines  
  121  7:32  Zerg Melee Weapons Level 1  
  120  7:41  Baneling Nest  
  120  7:43  Extractor  
  118  7:45  Extractor  
  118  7:46  Drone x10  
  125  7:51  Hydralisk  
  125  7:52  Hydralisk x2  
  125  7:56  Overlord  
  131  8:03  Overlord  
  125  8:17  Drone x9  
  133  8:20  Hydralisk x6  
  145  8:32  Centrifical Hooks  
  145  8:33  Overlord  
  146  8:34  Zergling x10  
  146  8:35  Pneumatized Carapace  
  150  8:45  Greater Spire  
  150  8:46  Hydralisk x3  
  156  8:49  Overlord x4  
  156  8:53  Corruptor  
  156  8:54  Extractor  
  156  8:55  Extractor  
  156  8:59  Hydralisk  
  156  9:00  Hydralisk x3  
  161  9:07  Hydralisk x5  
  145  9:28  Hydralisk x11  
  163  9:34  Zergling x14  
  141  9:40  Hydralisk  
  141  9:41  Hydralisk x3  
  138  9:46  Hydralisk x3  
  138  9:52  Hydralisk x2  
  138  10:00  Hydralisk x4  
  138  10:06  Hydralisk x3  
  133  10:12  Hydralisk x3  
  139  10:21  Hydralisk x5  
  135  10:28  Zergling x6  
  148  10:36  Zergling x4  
  148  10:41  Zergling x4  

Tags
 
Add a new tag
Caveats
  • Supply blocks, unpowered buildings, or Contaminate may cause inaccurate times.
  • Supply counts are checked every 10 seconds.